 Dungeon Crawl Stone Soup version 0.27.1-1-g398f81649c (webtiles) character file.

Game seed: 14653009847591916874

46 nxtlvl the Ruffian (level 3, -8/28 HPs)
             Began as a Minotaur Transmuter on Sept 17, 2021.
             Was an Initiate of Cheibriados.
             Mangled by an ogre (27 damage)
             ... on level 4 of the Dungeon.
             The game lasted 00:04:10 (512 turns).

nxtlvl the Ruffian (Minotaur Transmuter)             Turns: 512, Time: 00:04:11

Health: -8/28      AC:  3    Str: 16    XL:     3   Next: 44%
Magic:  4/4        EV: 12    Int: 11    God:    Cheibriados [......]
Gold:   41         SH:  0    Dex: 11    Spells: 3/4 levels left

rFire    . . .     SeeInvis .     - Unarmed
rCold    . . .     Faith    .   (no shield)
rNeg     . . .     Spirit   .   a - +0 robe
rPois    .         Reflect  .   (helmet restricted)
rElec    .         Harm     .   (no cloak)
rCorr    .         Rampage  .   b - +0 pair of gloves
Will     .....                  (no boots)
Stlth    +.........             (no amulet)
HPRegen  0.09/turn              (no ring)
MPRegen  0.09/turn              (no ring)

@: attractive, very slow
A: horns 2, retaliatory headbutt
a: Renounce Religion, Bend Time


You were on level 4 of the Dungeon.
You worshipped Cheibriados.
Cheibriados was noncommittal.
You visited 1 branch of the dungeon, and saw 4 of its levels.

You collected 41 gold pieces.

Inventory:

Missiles
 d - 39 arrows
 j - 20 sling bullets
Armour
 a - a +0 robe (worn)
 b - a +0 pair of gloves (worn)
Jewellery
 c - the amulet "Tuoschimn" {Spirit Harm Int-5 Slay+2}
   (You acquired it on level 4 of the Dungeon)

   [amulet of guardian spirit]

   It causes incoming damage to be divided between your reserves of health and
   magic.
   Int:       It affects your intelligence (-5).
   Slay:      It affects your accuracy & damage with ranged weapons and melee
   (+2).
   Harm:      It increases damage dealt and taken.
Scrolls
 h - a scroll of immolation {unknown}
Potions
 f - a potion of invisibility {unknown}
 i - a potion of berserk rage {unknown}


   Skills:
 - Level 1.2 Fighting
 - Level 2.1 Dodging
 * Level 5.0 Unarmed Combat
 - Level 1.3 Spellcasting
 - Level 1.5 Transmutations


You had 3 spell levels left.
You knew the following spells:

 Your Spells              Type           Power      Damage    Failure   Level
a - Beastly Appendage     Tmut           8%         N/A       17%         1

Your spell library contained the following spells:

 Spells                   Type           Power      Damage    Failure   Level
 Wereblood                Tmut           4%         N/A       26%         2
 Spider Form              Tmut/Pois      1%         N/A       56%         3
 Ice Form                 Ice/Tmut       2%         N/A       92%         4


Dungeon Overview and Level Annotations

Branches:
Dungeon (4/15)
 Temple: D:4-7

Altars:
Cheibriados


Innate Abilities, Weirdness & Mutations

You have a pair of horns on your head.
You reflexively headbutt those who attack you in melee.


Message History

A ball python comes into view.
Found an escape hatch in the ceiling.
You hit the hobgoblin.
You kill the hobgoblin!
Cheibriados appreciates the change of pace.
Your Unarmed Combat skill increases to level 5!
The ball python hisses angrily.
A kobold comes into view.
It is wielding a +0 short sword of protection.
The ball python bites you. The ball python grabs you.
The ball python constricts you.
You hit the ball python.
The ball python is severely wounded.
The ball python closely misses you. The ball python constricts you.
You hit the ball python.
You kill the ball python!
Cheibriados thoroughly appreciates the change of pace.
The kobold shouts!
An ogre comes into view. It is wielding a +0 giant club.
You barely miss the kobold.
The ogre shouts!
The kobold hits you with a +0 short sword of protection.
You miss the kobold. Your headbutt misses the kobold.
The kobold barely misses you.
You closely miss the kobold.
The kobold hits you with a +0 short sword of protection.
You hit the kobold but do no damage. The kobold misses you.
The kobold hits you with a +0 short sword of protection.
The kobold barely misses you.
Okay, then.
This is a scroll of acquirement!
Something appears at your feet! The kobold misses you. You furiously retaliate!
You headbutt the kobold.
You kill the kobold!
Cheibriados appreciates the change of pace.
c - the amulet "Tuoschimn" {Spirit Harm Int-5 Slay+2} It was a potion of attraction.
You feel attractive to monsters.
The ogre hits you with a +0 giant club!!
Ouch! That really hurt!
You die...

..# #.# #.#
###########.#######
#...>.............#
#.####.####.#####.#
#.####.# #.# .# #.<.#.##
#.# .# #.##....# #@# .#
# #.....##O#####.##
#................####
.....................#
#.##...................#
# ##.[....#.#..../....#
##...#...............
#####.............##
#..$..........#


You could see an ogre.

Vanquished Creatures
  Natasha (D:2)
  A dart slug (D:3)
  3 ball pythons
  4 endoplasms
  A hobgoblin (D:4)
  3 kobolds
  4 goblins
  2 rats (D:1)
19 creatures vanquished.

Notes
Turn   | Place    | Note
-------+----------+-------------------------------------------
     0 | D:1      | nxtlvl the Minotaur Transmuter began the quest for the Orb.
     0 | D:1      | Reached XP level 1. HP: 16/16 MP: 1/1
     3 | D:2      | Found a snail-covered altar of Cheibriados.
     5 | D:2      | Became a worshipper of Cheibriados the Contemplative
   288 | D:1      | Found a faded altar of an unknown god.
   307 | D:1      | Reached XP level 2. HP: 23/23 MP: 3/3
   312 | D:1      | Reached skill level 4 in Unarmed Combat
   357 | D:2      | Noticed Natasha
   362 | D:2      | Killed Natasha
   363 | D:2      | Reached XP level 3. HP: 28/28 MP: 4/4
   492 | D:4      | Reached skill level 5 in Unarmed Combat
   499 | D:4      | Noticed an ogre
   510 | D:4      | Identified a scroll of acquirement
   510 | D:4      | Acquired the amulet "Tuoschimn" {Spirit Harm Int-5 Slay+2}
   512 | D:4      | Mangled by an ogre

Illustrated notes

Levels and vault maps discovered:
D:1:      amcnicky_arrival_gap_in_the_tavern_cellar, layout_loops_ring,
          hellmonk_ecumenical_altar_arch_garden, kennysheep_crisscross,
          corexii_item_surrounded_by_moat
D:2:      layout_basic, basic_altar, uniq_natasha
D:3:      layout_loops_ring, serial_shops, nicolae_shop_stone,
          uniq_crazy_yiuf_cottage
D:4:      layout_loops_ring, ebering_ghost_disaster_area

Skill      XL: |  1  2  3 |
---------------+----------+-----
Unarmed Combat | 4 5 |  5.0
Fighting       | |  1.2
Dodging        | |  2.1
Spellcasting   | |  1.3
Transmutations | |  1.5

Action                   || total
-------------------------++-------
Melee: Unarmed           ||    40
       Headbutt          ||     7
  Use: Scroll            ||     2
       Potion            ||     1
 Stab: Sleeping          ||     1
Armor: Robe              ||     4
Dodge: Dodged            ||    17
